 Dungeon Crawl Stone Soup version 0.31.0-32-g396128a36d (webtiles) character file.

Game seed: 6815246084078652672

103 Wiggles the Chopper (level 4, 0/41 HPs)
             Began as a Minotaur Berserker on Mar 13, 2024.
             Was a Follower of Trog.
             Incinerated by a bombardier beetle (4 damage)
             ... with a burning spray
             ... on level 3 of the Dungeon.
             The game lasted 00:03:14 (2336 turns).

Wiggles the Chopper (Minotaur Berserker)            Turns: 2336, Time: 00:03:15

Health: 0/41       AC: 11    Str: 29    XL:     4   Next: 51%
Magic:  3/3        EV:  7    Int:  4    God:    Trog [*.....]
Gold:   1          SH:  7    Dex: 10    Spells: 3/3 levels left

rFire   . . .        a - +0 hand axe
rCold   . . .        k - +0 kite shield
rNeg    . . .        p - +0 plate armour
rPois   .            (helmet restricted)
rElec   .            (no cloak)
rCorr   .            (no gloves)
SInv    .            (no boots)
Will    .....        (no amulet) Stlth
                     r - +6 ring of strength
HPRegen 0.26/turn    (no ring)
MPRegen 0.08/turn

%: no passive effects
@: on fire, glowing
A: horns 2, retaliatory headbutt
a: Renounce Religion, Berserk


You were on level 3 of the Dungeon.
You worshipped Trog.
Trog was aware of your devotion.
You visited 1 branch of the dungeon, and saw 3 of its levels.

You collected 96 gold pieces.
You spent 95 gold pieces at shops.

Inventory:

Hand Weapons
 a - a +0 hand axe (weapon)
Armour
 k - a +0 kite shield (worn)
 p - a +0 plate armour (worn)
Jewellery
 r - a +6 ring of strength (left hand)
 s - a ring of protection from fire
Scrolls
 b - 2 scrolls of silence {unknown}
 d - 4 scrolls of identify {unknown}
 e - 2 scrolls of blinking {unknown}
 g - a scroll of enchant armour {unknown}
 i - a scroll of acquirement {unknown}
 j - a scroll of noise {unknown}
 m - a scroll of fog {unknown}
 q - a scroll of amnesia {unknown}
Potions
 c - 2 potions of curing {unknown}
 f - a potion of ambrosia {unknown}
 h - a potion of might {unknown}
 l - a potion of haste {unknown}
 n - 2 potions of berserk rage {unknown}
 o - a potion of invisibility {unknown}


   Skills:
 + Level 4.4 Fighting
 + Level 4.9 Axes
 + Level 3.2 Armour
 + Level 2.6 Dodging
 + Level 0.5 Stealth
 + Level 0.9 Shields


You had 3 spell levels left.
You didn't know any spells.
Your spell library was empty.

Dungeon Overview and Level Annotations

Branches:
Dungeon (3/15)

Altars:

Shops:
D:3 *


Innate Abilities, Weirdness & Mutations

You have a pair of horns on your head.
You reflexively headbutt those who attack you in melee.


Message History

The liquid fire burns you!
You hit the bombardier beetle.
The bombardier beetle is moderately wounded.
The liquid fire burns you!
The bombardier beetle sprays incendiary fluid at you.
The burning spray hits you.
You are even more covered in liquid fire!
You barely miss the bombardier beetle.
The bombardier beetle is lightly wounded.
The liquid fire burns you!
You block the bombardier beetle's attack.
You are too injured to fight recklessly!
You are too injured to fight recklessly!
You hit the bombardier beetle.
The bombardier beetle is heavily wounded.
The liquid fire burns you!
You hit the bombardier beetle but do no damage.
Your headbutt misses the bombardier beetle.
The bombardier beetle is heavily wounded.
The liquid fire burns you!
The bombardier beetle sprays incendiary fluid at you.
You block the burning spray.
You hit the bombardier beetle.
You headbutt the bombardier beetle, but do no damage.
The bombardier beetle is almost dead.
The liquid fire burns you!
The bombardier beetle bites you but does no damage.
You slash the bombardier beetle!
You kill the bombardier beetle!
Trog accepts your kill. The liquid fire burns you!
* * * LOW HITPOINT WARNING * * *
You shake off some of the fire as you move.
The liquid fire burns you!
* * * LOW HITPOINT WARNING * * *
You see here a bombardier beetle corpse.
You are on fire!
You shake off some of the fire as you move.
The liquid fire burns you!
You die...

.. ... .... .## ... ...
.. ..# #.. ###. #.# #..
###...### #.# #..
#.......####.# #..
.............# #..
.............#########..
.#...#@####............
### #†# #........#..†
........# #..#:........
######### #..#.#.......
#.)#.........
#............
##.##.##.#.#.
#.......#...
####.######.


There were no monsters in sight!

Vanquished Creatures
  2 bombardier beetles
  An adder (D:3)
  A ribbon worm (D:2)
  3 dart slugs (D:1)
  2 endoplasms
  A giant cockroach (D:1)
  3 goblins
  3 hobgoblins
  4 kobolds
  3 ball pythons
  3 bats
  A frilled lizard (D:3)
  3 rats
30 creatures vanquished.

Notes
Turn   | Place    | Note
-------+----------+-------------------------------------------
     0 | D:1      | Wiggles the Minotaur Berserker began the quest for the Orb.
     0 | D:1      | Reached XP level 1. HP: 19/19 MP: 0/0
   275 | D:1      | Reached XP level 2. HP: 22/27 MP: 1/1
   812 | D:1      | Found a faded altar of an unknown god.
  1297 | D:2      | Noticed a bombardier beetle
  1308 | D:2      | Killed a bombardier beetle
  1309 | D:2      | Reached XP level 3. HP: 14/34 MP: 2/2
  2185 | D:3      | Reached XP level 4. HP: 41/41 MP: 3/3
  2207 | D:3      | Found Anapn's Assorted Antiques.
  2213 | D:3      | Bought a gilded ring for 95 gold pieces
  2336 | D:3      | Incinerated by a bombardier beetle

Illustrated notes

Levels and vault maps discovered:
D:1:      lemuel_arrival_muddy, layout_basic,
          shapermc_ecumenical_altar_hornbeckon
D:2:      layout_basic, serial_bayou, serial_bayou_pond_c,
          serial_bayou_lagoon_a, serial_bayou_lake_a, serial_bayou_lagoon_b,
          hangedman_decor_slide_cut, minmay_pentomino_t4
D:3:      layout_loops_cross, serial_shops, shop

Skill      XL: |  1  2 |
---------------+-------+-----
Axes           | 4 |  4.9
Fighting       | 4 |  4.4
Armour         | 3 |  3.2
Dodging        | |  2.6
Stealth        | |  0.5
Shields        | |  0.9

Action                     |  1- 3 |  4- 6 || total
---------------------------+-------+-------++-------
  Melee: Hand axe          |    53 |    22 ||    75
         Headbutt          |     3 |     2 ||     5
 Invoke: Berserk           |     1 |       ||     1
 Armour: Leather armour    |     4 |       ||     4
         Animal skin       |     1 |       ||     1
         Scale mail        |    13 |       ||    13
         Plate armour      |     8 |    11 ||    19
  Dodge: Dodged            |    20 |     4 ||    24
  Block: Kite shield       |     8 |     6 ||    14
